AoeStats
← Jurajs_

Highland

504276624Analyzed
2v2 RM · 29d ago on Sep 4, 2026· 105m 47s· 4 players
Game mode
Random Map
Map size
Medium (4 player)
Population
200
Speed
Normal
Resources
Standard
Victory
Conquest
Starting age
Dark Age
Ending age
Imperial Age
RankedLock teamsTeams togetherTeam positionsShared explorationLock speedFull tech treeHidden civsTurbo modeCheats
Victory
Defeat
🇩🇪 Spanish · Germany
933
+14
🇩🇪 Byzantines · Germany
932
+14
🇨🇿 Italians · Czechia
889
-14
🇨🇿 Spanish · Czechia
886
-14
Steve the Thief
3:25 Loom
11:49 Feudal Age
12:43 Double-Bit Axe
12:50 Gold Mining
15:16 Fletching
17:32 Castle Age
17:43 Forging
17:38 Horse Collar
18:50 Medium Warships
19:26 Bodkin Arrow
20:08 Iron Casting
20:57 Wheelbarrow
22:18 Heavy Plow
22:30 Bow Saw
27:28 Imperial Age
25:07 Fishing Lines
27:07 Scale Mail Armor
27:13 Scale Barding Armor
27:08 Padded Archer Armor
29:17 Chemistry
29:09 Heavy Warships
29:39 Bracer
29:45 Town Watch
30:50 Leather Archer Armor
31:35 Blast Furnace
30:51 Chain Mail Armor
30:56 Chain Barding Armor
31:03 Careening
33:30 Gillnets
34:15 Hand Cart
34:00 Town Patrol
35:14 Two-Man Saw
34:46 Elite Cannon Galleon
38:00 Stone Mining
38:37 Ballistics
38:38 Dry Dock
38:29 Clinker Construction
38:40 Shipwright
38:30 Fortified Wall
38:31 Masonry
38:17 Murder Holes
38:56 Plate Mail Armor
38:56 Ring Archer Armor
39:24 Caravan
39:07 Demolition Ship
40:06 Devotion
40:52 Stone Shaft Mining
43:04 Heavy Demolition Ship
45:14 Conscription
44:19 Elite Conquistador
45:17 Bloodlines
45:08 Husbandry
44:30 Cavalier
46:05 Light Cavalry
47:00 Thumb Ring
46:16 Elite Skirmisher
47:34 Hoardings
47:30 Carvel Hull
47:41 Architecture
47:32 Bombard Tower
48:57 Paladin
48:58 Hussar
51:11 Faith
50:58 Arrowslits
51:36 Supremacy
51:23 Siphons
53:35 Onager
59:51 Guilds
60:11 Coinage
60:04 Inquisition
60:45 Plate Barding Armor
60:13 Guard Tower
62:50 Capped Ram
63:22 Pikeman
64:03 Squires
63:49 Arson
63:56 Gambesons
63:32 Man-at-Arms
64:36 Halberdier
67:34 Sanctity
67:26 Fervor
67:11 Long Swordsman
67:54 Siege Ram
79:31 Keep
78:32 Sappers
92:25 Two-Handed Swordsman
96:35 Champion
101:20 Heresy
101:14 Redemption
Bums the Boy
0:48 Loom
11:17 Feudal Age
13:01 Wheelbarrow
12:15 Double-Bit Axe
18:54 Castle Age
20:18 Bow Saw
19:50 Horse Collar
23:08 Medium Warships
24:11 Heavy Plow
25:32 Demolition Ship
33:10 Imperial Age
30:58 Hand Cart
32:03 Greek Fire
35:08 Heavy Demolition Ship
36:31 Heavy Warships
40:08 Scale Barding Armor
40:14 Forging
39:55 Fletching
41:49 Conscription
40:53 Elite Cataphract
41:59 Chain Barding Armor
42:15 Iron Casting
41:43 Padded Archer Armor
42:24 Elite Skirmisher
43:10 Thumb Ring
43:35 Caravan
44:58 Plate Barding Armor
46:41 Hoardings
46:33 Bodkin Arrow
47:33 Leather Archer Armor
47:19 Bracer
48:43 Crop Rotation
49:16 Two-Man Saw
49:18 Husbandry
48:38 Light Cavalry
50:11 Ring Archer Armor
50:12 Logistica
51:52 Hussar
57:19 Pikeman
58:00 Squires
58:06 Scale Mail Armor
60:32 Ballistics
61:15 Chemistry
59:56 Heavy Camel Rider
64:18 Halberdier
67:11 Devotion
69:47 Chain Mail Armor
78:05 Plate Mail Armor
82:13 Arson
Jurajs_
10:39 Feudal Age
14:54 Castle Age
13:10 Horse Collar
14:03 Loom
20:04 Double-Bit Axe
23:48 Gold Mining
26:55 Fletching
29:46 Padded Archer Armor
34:22 Imperial Age
36:25 Chemistry
35:49 Leather Archer Armor
35:30 Bodkin Arrow
37:11 Elite Genoese Crossbowman
39:07 Ring Archer Armor
43:35 Bow Saw
45:37 Silk Road
51:06 Scale Barding Armor
51:12 Forging
51:53 Caravan
52:07 Cavalier
52:59 Bloodlines
52:51 Husbandry
55:10 Ballistics
58:14 Iron Casting
58:00 Chain Barding Armor
65:38 Plate Barding Armor
66:03 Blast Furnace
Altonat
7:39 Loom
13:04 Feudal Age
16:23 Double-Bit Axe
18:47 Castle Age
17:50 Town Watch
21:31 Medium Warships
25:31 Horse Collar
26:29 Padded Archer Armor
33:21 Husbandry
33:32 Bloodlines
38:46 Imperial Age
36:57 Wheelbarrow
39:31 Hand Cart
39:17 Town Patrol
39:51 Fortified Wall
40:01 Cavalier
42:10 Supremacy
43:00 Chemistry
42:24 Ballistics
42:15 Scale Barding Armor
42:44 Paladin
45:31 Elite Conquistador
48:49 Chain Barding Armor
48:40 Forging
48:46 Leather Archer Armor
48:50 Inquisition
49:12 Conscription
49:31 Hoardings
49:09 Caravan
50:02 Masonry
50:58 Plate Barding Armor
63:24 Capped Ram
68:36 Iron Casting
68:32 Ring Archer Armor
78:34 Architecture
82:40 Block Printing
Connection lost

Rejoining the realm…

Still unreachable

The connection could not be restored.

Session expired

The server has moved on; the page needs a fresh start.